 Dungeon Crawl Stone Soup version 0.25-a0-185-g6cfeca75b2 (webtiles) character file.

Game seed: 9843678916652760207, levelgen mode: deterministic

195965 night the Brawler (level 17, -12/174 HPs)
             Began as a Troll Fighter on Nov 26, 2019.
             Was a High Priest of Cheibriados.
             Killed from afar by an ice dragon (53 damage)
             ... with a blast of cold
             ... on level 1 of the Depths on Nov 27, 2019.
             The game lasted 02:31:58 (31415 turns).

night the Brawler (Troll Fighter)                  Turns: 31415, Time: 02:31:58

Health: -12/174    AC: 16    Str: 52 (54) XL:     17   Next: 73%
Magic:  6/22       EV:  9    Int: 18 (20) God:    Cheibriados [*****.]
Gold:   2380       SH: 24    Dex: 19 (21) Spells: 10/16 levels left

rFire    . . .     SeeInvis .     - Unarmed
rCold    . . .     Gourm    +   Y - +0 large shield
rNeg     . . .     Faith    .   T - +0 troll leather armour
rPois    +         Spirit   .   I - +1 hat {Int+3}
rElec    .         Reflect  .   H - +2 cloak of Impressiveness {+Fly Str+10 Int-4}
rCorr    .         Harm     .   (gloves unavailable)
MR       +....                  (boots unavailable)
Stlth    +.........             (no amulet)
HPRegen  1.19/turn              f - +4 ring of protection
MPRegen  0.18/turn              P - ring of poison resistance

@: slowed, very slow
A: large, unfitting armour, claws 3, hooves 1, clever 1, fast metabolism 3,
gourmand, low mp 1, regeneration 1, shaggy fur 1, strong 1, tough skin 3
}: 1/15 runes: gossamer
a: Bend Time, Temporal Distortion, Slouch, Step From Time, Renounce Religion,
Evoke Flight


You were on level 1 of the Depths.
You worshipped Cheibriados.
Cheibriados was extremely pleased with you.
You were not hungry.

You visited 6 branches of the dungeon, and saw 29 of its levels.
You also visited: Ossuary, Bailey and Ice Cave.

You collected 3420 gold pieces.
You spent 992 gold pieces at shops.
You donated 48 gold pieces to Zin.

Inventory:

Hand Weapons
 b - the +6 hunting sling of Strategic Superiority {flame, rElec rC+ Str+3}
   (You found it on level 3 of the Lair of Beasts)

   It causes projectiles fired from it to burn those they strike, causing extra
   injury to most foes and up to half again as much damage against particularly
   susceptible opponents.
   It affects your strength (+3).
   It protects you from cold.
   It insulates you from electricity.
 v - a +2 eveningstar of freezing
Missiles
 j - 683 stones
 p - 14 large rocks
 r - a boomerang of dispersal
 x - 62 boomerangs (quivered)
 D - 7 javelins
 E - 2 throwing nets
 F - 385 sling bullets
Armour
 o - a +1 shield
 H - the +2 cloak of Impressiveness (worn) {+Fly Str+10 Int-4}
   (You acquired it on level 6 of the Lair of Beasts)

   It affects your strength (+10).
   It affects your intelligence (-4).
   It lets you fly.
 I - a +1 hat of intelligence (worn)
 T - a +0 troll leather armour (worn)
 U - a +0 cloak
 Y - a +0 large shield (worn)
Jewellery
 f - a +4 ring of protection (left claw)
 g - an uncursed ring of fire
 P - a ring of poison resistance (right claw)
 R - an uncursed ring of protection from magic
Wands
 i - a wand of enslavement (16)
 y - a wand of iceblast (29)
 G - a wand of flame (33)
 K - a wand of polymorph (11)
 N - a wand of disintegration (4)
 Q - a wand of paralysis (13)
 S - a wand of digging (7)
 V - a wand of clouds (1)
Scrolls
 a - 3 scrolls of amnesia
 e - 2 scrolls of magic mapping
 m - 13 scrolls of teleportation
 n - a scroll of summoning
 q - 10 scrolls of remove curse
 s - a scroll of blinking
 B - a scroll of brand weapon
 L - a scroll of enchant weapon
 M - 2 scrolls of enchant armour
 O - 4 scrolls of fog
 W - 13 scrolls of identify
Potions
 c - 2 potions of might
 h - a potion of heal wounds
 k - 5 potions of flight
 l - 11 potions of curing
 u - 2 potions of ambrosia
 w - 2 potions of cancellation
 z - 2 potions of resistance
 A - 6 potions of brilliance
 C - 4 potions of invisibility
 X - 2 potions of lignification
Miscellaneous
 t - a lightning rod (4/4)
Comestibles
 d - 54 rations


   Skills:
 + Level 12.3 Fighting
 + Level 8.5 Throwing
 - Level 2.4 Dodging
 - Level 9.9 Shields
 * Level 19.0 Unarmed Combat
 + Level 5.1 Transmutations
 + Level 8.1 Earth Magic
 + Level 11.5 Invocations


You had 10 spell levels left.
You knew the following spells:

 Your Spells              Type           Power        Failure   Level  Hunger
a - Statue Form           Tmut/Erth      ###......    100%        6    #######

Your spell library contained the following spells:

 Spells                   Type           Power        Failure   Level  Hunger
 Sandblast                Erth           ####..       2%          1    ##.....
 Passwall                 Tmut/Erth      ###.....     7%          2    ###....
 Beastly Appendage        Tmut           ###...       9%          1    ##.....
 Sticks to Snakes         Tmut           ###.....     13%         2    ###....
 Stone Arrow              Conj/Erth      ##....       38%         3    ####...
 Petrify                  Tmut/Erth      ###.....     43%         4    #####..
 Corona                   Hex            #......      56%         1    ##.....
 Flame Tongue             Conj/Fire      #....        56%         1    ##.....
 Freeze                   Ice            #...         56%         1    ##.....
 Magic Dart               Conj           #...         56%         1    ##.....
 Sting                    Conj/Pois      #...         56%         1    ##.....
 Lee's Rapid Deconstruct  Erth           ####......   56%         5    ######.
 Spider Form              Tmut/Pois      #.........   58%         3    ####...
 Corpse Rot               Necr           N/A          71%         2    ###....
 Ensorcelled Hibernation  Hex/Ice        #.....       71%         2    ###....
 Searing Ray              Conj           #.....       71%         2    ###....
 Slow                     Hex            #.......     71%         2    ###....
 Sublimation of Blood     Necr           #.........   71%         2    ###....
 Throw Flame              Conj/Fire      #.....       71%         2    ###....
 Throw Frost              Conj/Ice       #.....       71%         2    ###....
 Leda's Liquefaction      Hex/Erth       ##........   80%         4    #####..
 Confuse                  Hex            #.......     91%         3    ####...
 Conjure Flame            Conj/Fire      #.......     91%         3    ####...
 Dazzling Spray           Conj/Hex       #.....       91%         3    ####...
 Inner Flame              Hex/Fire       #.......     91%         3    ####...
 Ozocubu's Armour         Chrm/Ice       #.......     91%         3    ####...
 Portal Projectile        Hex/Tloc       #.....       91%         3    ####...
 Tukima's Dance           Hex            #.......     91%         3    ####...
 Ice Form                 Ice/Tmut       #.......     94%         4    #####..
 Blade Hands              Tmut           ###.......   94%         5    ######.
 Cause Fear               Hex            #.........   100%        4    #####..
 Force Lance              Conj/Tloc      #.......     100%        4    #####..
 Fulminant Prism          Conj/Hex       #.........   100%        4    #####..
 Iskenderun's Mystic Bla  Conj           #.......     100%        4    #####..
 Sticky Flame             Conj/Fire      #.......     100%        4    #####..
 Summon Ice Beast         Ice/Summ       #.......     100%        4    #####..
 Throw Icicle             Conj/Ice       #.......     100%        4    #####..
 Agony                    Necr           #.......     100%        5    ######.
 Bolt of Draining         Conj/Necr      #.........   100%        5    ######.
 Bolt of Magma            Conj/Fire/Erth #.........   100%        5    ######.
 Dispel Undead            Necr           #.......     100%        5    ######.
 Excruciating Wounds      Chrm/Necr      #.........   100%        5    ######.
 Fireball                 Conj/Fire      #.........   100%        5    ######.
 Irradiate                Conj/Tmut      #.........   100%        5    ######.
 Iskenderun's Battlesphe  Conj/Chrm      #.......     100%        5    ######.
 Metabolic Englaciation   Hex/Ice        #.........   100%        5    ######.
 Venom Bolt               Conj/Pois      #.........   100%        5    ######.
 Bolt of Fire             Conj/Fire      #.........   100%        6    #######
 Hydra Form               Tmut           ###.......   100%        6    #######
 Iron Shot                Conj/Erth      ##........   100%        6    #######
 Dragon Form              Tmut           ###.......   100%        7    #######
 Orb of Destruction       Conj           #.........   100%        7    #######
 Spellforged Servitor     Conj/Summ      #.........   100%        7    #######
 Shatter                  Erth           ####......   100%        9    #######


Dungeon Overview and Level Annotations

Branches:
Dungeon (15/15) Temple (1/1) D:7 Lair (6/6) D:11 Shoals (0/4) Lair:2 Spider (4/4) Lair:4 Slime (0/5) Lair:6 Orc (2/2) D:12 Elf (0/3) Orc:2 Vaults (0/5) D:13 D:14 Depths (1/5) D:15 Ossuary (visited) Bailey (visited) IceCv (visited)

Altars:
Ashenzari
Cheibriados
Dithmenos
Elyvilon
Fedhas
Gozag
Hepliaklqana
Kikubaaqudgha
Makhleb
Nemelex Xobeh
Okawaru
Qazlal
Ru
Sif Muna
Trog
Uskayaw
Vehumet
Wu Jian
Xom
Yredelemnul
Zin
The Shining One
Beogh

Shops:
D:6 :   D:7 ?   D:8 *   D:9 ?   D:12 }   Orc:2 =(:[(

Portals:
Hell: Depths:1

Annotations:
Lair:3 exclusion: hydra


Innate Abilities, Weirdness & Mutations

You are too large for most types of armour.
You have claws for hands.
Your metabolism is lightning-fast.
You like to eat raw meat.
Your natural rate of healing is unusually fast.
You are covered in fur. (AC +1)
You have extremely tough skin. (AC +3)
You have large cloven feet.
Your mind is acute. (Int +2)
Your magical capacity is low. (-10% MP)
Your muscles are strong. (Str +2)


Message History

Okay, then.
Saving game... please wait.
Welcome back, night the Troll Fighter.
Cheibriados says: Take it easy.
Press ? for a list of commands and other information.
You step out of the flow of time.
You return to the normal time flow.
You feel somewhat more hungry.
Cheibriados lowers the support of your attributes as your movement quickens.
An ice dragon comes into view.
The ice dragon roars deafeningly!
The terrible wounds on your body vanish.
The ice dragon breathes frost at you. The blast of cold hits you!!!
* * * LOW HITPOINT WARNING * * *
You hear an angry growl.
You feel much better.
The flayed ghost stares at you with tortured malice.
The ice dragon breathes frost at you. The blast of cold hits you!!!
You die...

#.........#####
#.........#
###.........#
..'.........#
.# #.........#
.. #.........#
.#
#######W#####
.# .........#
.# #######.@#
.#
#.D########.#.+
#........h....#
#†########....#
... ⌠.##.#
..... ≈..# #
≈≈≈≈..≈ ≈≈...
≈≈≈≈≈≈≈ .≈≈≈.#
≈≈≈≈≈≈≈ ....≈.#


You could see an ice dragon and a flayed ghost.

Vanquished Creatures
  Arachne (Spider:3)
  Donald (Spider:3)
  Roxanne (D:15)
  4 ghost moths (Spider:4)
  2 orc warlords
  5 emperor scorpions
  2 entropy weavers (Spider:3)
  A dire elephant (D:15)
  7 spark wasps
  Azrael (D:15)
  2 ettins
  Josephine (Orc:2)
  Erolcha (D:9)
  5 hydras
  Harold (D:7)
  2 ice dragons (Depths:1)
  7 centaur warriors
  4 catoblepae
  A tengu warrior (D:14)
  8 two-headed ogres
  A queen ant (Spider:3)
  3 death knights
  15 death yaks
  2 orc high priests (Orc:2)
  Urug (D:13)
  An unseen horror (D:11)
  A wolf spider zombie (D:15)
  2 phantasmal warriors (D:15)
  3 orc knights
  The ghost of DavidChitty2 the Thaumaturge, a novice DEWz (D:7)
  13 orb spiders
  4 orc sorcerers
  22 ugly things
  An oklob plant (Orc:1)
  29 wolf spiders
  3 manticores
  2 moths of wrath
  3 cyclopes (D:13)
  A salamander (D:15)
  6 black mambas
  5 elephants
  Joseph (Lair:1)
  Maurice (D:8)
  2 ice statues (IceCv)
  2 gargoyles
  4 spectral swamp worms (Depths:1)
  8 komodo dragons
  4 rime drakes
  5 yaktaurs
  9 spiny frogs
  An efreet (D:12)
  9 demonic crawlers
  A tengu conjurer (D:15)
  A redback zombie (D:15)
  40 jumping spiders
  6 meliai
  10 trolls
  3 polar bears
  Prince Ribbit (D:9)
  23 blink frogs
  4 hippogriffs
  10 hornets
  9 slime creatures
  5 dream sheep (Lair:6)
  A snapping turtle (Lair:2)
  67 redbacks
  A spriggan (D:7)
  27 tarantellas
  A water elemental (D:15)
  10 wraiths
  6 wyverns
  46 yaks
  5 shadows
  15 humans (D:14)
  Grum (D:9)
  3 fire elementals (D:15)
  10 vampire mosquitoes
  2 basilisks
  7 wargs
  A steam dragon (D:12)
  Menkaure (D:7)
  3 acid dragons
  10 soldier ants (Spider:3)
  Duvessa (D:6)
  7 water moccasins
  11 porcupines
  A hell hound (D:15)
  23 ice beasts
  44 orc warriors
  3 sky beasts
  3 black bears
  A hornet zombie (D:15)
  2 necrophages
  A boggart (D:12)
  4 phantoms
  8 wolves
  3 eyes of draining
  5 centaurs
  11 ogres
  14 crocodiles
  2 big kobolds
  Blork the orc (D:3)
  29 bullfrogs
  A gnoll sergeant (D:7)
  Dowan (D:6)
  A water moccasin zombie (D:7)
  4 scorpions
  A water moccasin skeleton (D:10)
  24 killer bees
  3 wights
  12 electric eels
  4 howler monkeys
  3 bullfrog zombies
  8 crimson imps
  6 centaur zombies
  6 hounds
  5 jellies
  34 orc priests
  3 bullfrog skeletons
  6 centaur skeletons
  25 worker ants
  4 iguanas
  38 orc wizards
  5 hell rats
  A hound skeleton (D:7)
  2 mummies
  A worker ant zombie (D:8)
  7 adders
  6 gnolls
  A howler monkey skeleton (D:9)
  3 river rats (Lair:3)
  3 shadow imps
  A white imp (Depths:1)
  8 oozes
  An adder zombie (D:8)
  3 adder skeletons
  6 worms
  A dart slug (D:2)
  4 leopard geckos
  148 orcs
  5 giant cockroaches
  12 goblins
  7 hobgoblins
  6 jackals
  21 kobolds
  6 quokkas
  3 ball pythons
  5 bats
  3 frilled lizards
  7 gnoll skeletons (Ossuary)
  A hobgoblin zombie (D:4)
  4 kobold skeletons (Ossuary)
  14 orc skeletons (Ossuary)
  An orc zombie (D:4)
  A quokka skeleton (D:6)
  A quokka zombie (D:6)
  12 rats
1225 creatures vanquished.

Vanquished Creatures (others)
  2 death yaks (Lair:6)
  2 blink frogs (Lair:6)
  A human (D:14)
  An orc wizard (D:15)
  4 fungi
  3 plants
13 creatures vanquished.

Grand Total: 1238 creatures vanquished

Notes
Turn   | Place    | Note
-------+----------+-------------------------------------------
     0 | D:1      | night the Troll Fighter began the quest for the Orb.
     0 | D:1      | Reached XP level 1. HP: 22/22 MP: 0/0
   104 | D:1      | Reached XP level 2. HP: 29/29 MP: 1/1
   366 | D:1      | Reached skill level 3 in Unarmed Combat
   574 | D:1      | Reached XP level 3. HP: 36/36 MP: 2/2
   960 | D:2      | Reached XP level 4. HP: 45/45 MP: 3/3
  1685 | D:3      | Reached skill level 4 in Unarmed Combat
  2075 | D:4      | Noticed Blork the orc
  2090 | D:3      | Killed Blork the orc
  2090 | D:3      | Reached XP level 5. HP: 29/53 MP: 4/4
  2224 | D:4      | Found a sand-covered staircase.
  2230 | D:4      | Reached skill level 5 in Unarmed Combat
  2230 | D:4      | Reached XP level 6. HP: 61/61 MP: 5/5
  2234 | Ossuary  | Entered an ossuary
  2234 | Ossuary  | Noticed a wraith
  2234 | Ossuary  | Noticed a wraith
  2234 | Ossuary  | Noticed a wraith
  2303 | Ossuary  | Noticed a wraith
  2328 | Ossuary  | Killed a wraith
  2780 | D:4      | Reached XP level 7. HP: 51/70 MP: 6/6
  2892 | D:4      | Reached skill level 6 in Unarmed Combat
  3163 | D:5      | Entered Level 5 of the Dungeon
  3803 | D:6      | Reached skill level 7 in Unarmed Combat
  3803 | D:6      | Noticed a wyvern
  3845 | D:5      | Reached XP level 8. HP: 20/79 MP: 7/7
  3954 | D:6      | Noticed Duvessa
  3998 | D:6      | Noticed Dowan
  4005 | D:6      | Killed Duvessa
  4008 | D:6      | Killed Dowan
  4008 | D:6      | Reached skill level 5 in Fighting
  4071 | D:6      | Reached skill level 8 in Unarmed Combat
  4356 | D:6      | Reached skill level 5 in Shields
  4407 | D:6      | Found Maran's Book Emporium.
  4672 | D:7      | Noticed Menkaure
  4682 | D:7      | Reached XP level 9. HP: 40/88 MP: 8/8
  4685 | D:7      | Killed Menkaure
  4785 | D:7      | Found a shimmering altar of Xom.
  4796 | D:7      | Reached skill level 9 in Unarmed Combat
  5275 | D:7      | Found a hazy altar of Hepliaklqana.
  5334 | D:7      | Found a runed translucent door.
  5335 | D:7      | Noticed DavidChitty2's ghost (novice DEWz)
  5375 | D:7      | Killed DavidChitty2's ghost
  5375 | D:7      | Reached skill level 10 in Unarmed Combat
  5407 | D:7      | Found a staircase to the Ecumenical Temple.
  5416 | Temple   | Entered the Ecumenical Temple
  5603 | Temple   | Became a worshipper of Zin the Law-Giver
  5603 | Temple   | Reached * piety under Zin
  5631 | D:7      | Found Lyst's Magic Scroll Emporium.
  5633 | D:7      | Noticed Harold
  5645 | D:7      | Killed Harold
  5645 | D:7      | Reached XP level 10. HP: 18/100 MP: 9/9
  5779 | D:7      | Bought a scroll of fog for 26 gold pieces
  6039 | D:8      | Noticed Maurice
  6087 | D:8      | Killed Maurice
  6088 | D:8      | HP: 4/100 [hippogriff (2)]
  6094 | D:7      | HP: 4/100 [poisoned by a scorpion]
  6250 | D:6      | Reached skill level 1 in Invocations
  6253 | D:6      | Reached skill level 11 in Unarmed Combat
  6323 | D:8      | Found Ockoqel's Assorted Antiques.
  6327 | D:8      | Reached ** piety under Zin
  6538 | D:8      | Noticed a two-headed ogre
  6551 | D:8      | Killed a two-headed ogre
  6822 | D:8      | Found a basalt altar of Yredelemnul.
  6939 | D:9      | Noticed Erolcha
  6949 | D:9      | Killed Erolcha
  6969 | D:9      | Reached *** piety under Zin
  7047 | D:9      | Found Irphoteyc's Magic Scroll Shop.
  7100 | D:9      | Reached XP level 11. HP: 109/109 MP: 4/12
  7193 | D:9      | Noticed Grum
  7200 | D:9      | Reached skill level 12 in Unarmed Combat
  7209 | D:9      | Killed Grum
  7495 | D:9      | Noticed Prince Ribbit
  7502 | D:9      | Killed Prince Ribbit
  7619 | D:10     | Entered Level 10 of the Dungeon
  8302 | Temple   | Fell from the grace of Zin
  8302 | Temple   | Became a worshipper of Cheibriados the Contemplative
  8598 | D:10     | Noticed a purple ugly thing
  8602 | D:10     | Killed a purple ugly thing
  9043 | D:11     | Noticed a death yak
  9043 | D:11     | Noticed a death yak
  9164 | D:11     | Reached * piety under Cheibriados
  9211 | D:11     | Killed an unseen horror
  9318 | D:11     | Killed a death yak
  9318 | D:11     | Reached skill level 13 in Unarmed Combat
  9320 | D:11     | Noticed a death yak
  9326 | D:11     | Killed a death yak
  9326 | D:11     | Reached skill level 5 in Invocations
  9331 | D:11     | Killed a death yak
  9377 | D:11     | Found a staircase to the Lair.
  9398 | D:11     | Reached XP level 12. HP: 122/122 MP: 14/14
  9627 | D:11     | Reached ** piety under Cheibriados
 10416 | D:12     | Reached *** piety under Cheibriados
 10440 | D:12     | Gained mutation: You have large cloven feet. [potion of
                  | mutation]
 10440 | D:12     | Gained mutation: Your mind is acute. (Int +2) [potion of
                  | mutation]
 10440 | D:12     | Gained mutation: Your magical capacity is low. (-10% MP)
                  | [potion of mutation]
 10440 | D:12     | Gained mutation: Your muscles are strong. (Str +2) [potion
                  | of mutation]
 10483 | D:12     | Found a staircase to the Orcish Mines.
 10532 | D:12     | Reached **** piety under Cheibriados
 10567 | D:12     | Noticed a two-headed ogre
 10573 | D:12     | Killed a two-headed ogre
 10576 | D:12     | Noticed a centaur warrior
 10585 | D:12     | Noticed a centaur warrior
 10587 | D:12     | Noticed a two-headed ogre
 10589 | D:12     | Noticed an eight-headed hydra
 10703 | D:12     | Found Etriyr's Gadget Boutique.
 10709 | D:12     | Killed a two-headed ogre
 11021 | D:12     | Killed a centaur warrior
 11021 | D:12     | Reached skill level 14 in Unarmed Combat
 11069 | D:12     | Noticed a death knight
 11082 | D:12     | Killed a death knight
 11088 | D:12     | Noticed a centaur warrior
 11098 | D:12     | Killed a centaur warrior
 11148 | D:12     | Noticed a centaur warrior
 11154 | D:12     | Killed a centaur warrior
 11293 | D:12     | Reached ***** piety under Cheibriados
 11299 | D:12     | Killed an eight-headed hydra
 11575 | D:12     | Noticed a centaur warrior
 11577 | D:12     | Killed a centaur warrior
 11577 | D:12     | Reached XP level 13. HP: 113/131 MP: 15/15
 11834 | Lair:1   | Entered Level 1 of the Lair of Beasts
 12278 | Lair:1   | Noticed Joseph
 12285 | Lair:1   | Killed Joseph
 13102 | Lair:2   | Reached skill level 15 in Unarmed Combat
 13137 | Lair:2   | Found a staircase to the Shoals.
 13977 | Lair:3   | Found a frozen archway.
 14005 | IceCv    | Entered an ice cave
 14090 | IceCv    | Found a transporter.
 14112 | IceCv    | Identified a scroll of acquirement
 14154 | IceCv    | Found a transporter.
 14291 | Lair:3   | HP: 2/133 [seven-headed hydra (10)]
 14577 | Lair:3   | Reached skill level 10 in Fighting
 14964 | Lair:3   | Got a translucent hunting sling
 14965 | Lair:3   | Identified the +6 hunting sling of Strategic Superiority
                  | {flame, rElec rC+ Str+3} (You found it on level 3 of the
                  | Lair of Beasts)
 15436 | Lair:4   | Reached skill level 1 in Throwing
 15604 | Lair:4   | Reached XP level 14. HP: 143/143 MP: 17/17
 15624 | Lair:4   | Found a hole to the Spider Nest.
 15834 | Lair:4   | You fall into a shaft and drop 2 floors!
 15834 | Lair:6   | Entered Level 6 of the Lair of Beasts
 15846 | Lair:6   | Reached ****** piety under Cheibriados
 16397 | D:6      | Bought a book of Transfigurations for 770 gold pieces
 16404 | D:6      | Learned a level 6 spell: Statue Form
 17260 | Lair:6   | Found a staircase to the Slime Pits.
 17365 | Lair:6   | Reached skill level 16 in Unarmed Combat
 17434 | Lair:6   | Reached skill level 1 in Earth Magic
 18543 | Lair:6   | Identified the Volume of Destructive Malediction
 18997 | D:13     | Found a flagged portal.
 19013 | Bailey   | Entered a bailey
 19100 | Bailey   | Found an iron altar of Okawaru.
 19694 | D:13     | Identified the Catalogue of Beguiling and Conjuration
 19726 | D:13     | Found a sacrificial altar of Ru.
 19775 | D:13     | Reached XP level 15. HP: 114/152 MP: 18/18
 20248 | D:14     | Found a gate to the Vaults.
 20248 | D:14     | Noticed Urug
 20330 | D:13     | Killed Urug
 20331 | D:13     | Reached skill level 17 in Unarmed Combat
 20407 | D:14     | Reached skill level 5 in Throwing
 20849 | D:15     | Entered Level 15 of the Dungeon
 20980 | D:15     | Noticed Azrael
 20991 | D:15     | Killed Azrael
 21244 | D:15     | Noticed Roxanne
 21326 | D:15     | Killed Roxanne
 21511 | D:15     | Reached skill level 5 in Earth Magic
 21523 | D:15     | Reached skill level 10 in Invocations
 21585 | D:15     | Reached skill level 1 in Transmutations
 22604 | D:15     | Found a staircase to the Depths.
 22899 | Depths:1 | Entered Level 1 of the Depths
 23490 | Orc:1    | Entered Level 1 of the Orcish Mines
 23553 | Orc:1    | Noticed an orc warlord
 23561 | Orc:1    | Killed an orc warlord
 23803 | Orc:1    | Reached XP level 16. HP: 163/163 MP: 20/20
 24111 | Orc:2    | Entered Level 2 of the Orcish Mines
 24384 | Orc:2    | Found a roughly hewn altar of Beogh.
 24535 | Orc:2    | Noticed Josephine
 24554 | Orc:2    | Killed Josephine
 24709 | Orc:2    | Found a staircase to the Elven Halls.
 24777 | Orc:2    | Found a roughly hewn altar of Beogh.
 24896 | Orc:2    | Found a roughly hewn altar of Beogh.
 24926 | Orc:2    | Found Anlomm's Book Shoppe.
 25001 | Orc:2    | Found Xeruam's Antique Weapon Shop.
 25088 | Orc:2    | Found a roughly hewn altar of Beogh.
 25102 | Orc:2    | Found Ruonuari's Jewellery Shop.
 25153 | Orc:2    | Found a roughly hewn altar of Beogh.
 25422 | Orc:2    | Found Yvol's Antique Weapon Boutique.
 25423 | Orc:2    | Found a roughly hewn altar of Beogh.
 25424 | Orc:2    | Found Adwitwos's Antique Armour Shop.
 25435 | Orc:2    | Bought an embroidered hat for 196 gold pieces
 25657 | Lair:6   | Got a brightly glowing cloak
 25670 | Lair:6   | Identified the +2 cloak of Impressiveness {+Fly Str+10
                  | Int-4} (You acquired it on level 6 of the Lair of Beasts)
 25670 | Lair:6   | Upgraded the game from 0.25-a0-178-gc9f82b1288 to
                  | 0.25-a0-185-g6cfeca75b2
 25720 | Spider:1 | Entered Level 1 of the Spider Nest
 26064 | Spider:1 | Reached skill level 18 in Unarmed Combat
 28112 | Spider:3 | Got a heavily jewelled robe
 28145 | Spider:3 | Identified the +0 robe "Guetul" {*Corrode rN+ MR+} (You
                  | found it on level 3 of the Spider Nest)
 28809 | Spider:3 | Noticed Arachne
 28824 | Spider:3 | Killed Arachne
 28824 | Spider:3 | Reached XP level 17. HP: 132/172 MP: 18/21
 28935 | Spider:4 | Entered Level 4 of the Spider Nest
 28946 | Spider:4 | Noticed Donald
 29279 | Spider:3 | Killed Donald
 30577 | Spider:4 | HP: 6/172 [something (14)]
 30578 | Spider:4 | HP: 1/172 [something (13)]
 30634 | Spider:4 | Got a gossamer rune of Zot
 31041 | Depths:1 | Reached skill level 19 in Unarmed Combat
 31041 | Depths:1 | Reached skill level 5 in Transmutations
 31335 | Depths:1 | Found a gateway to Hell.
 31415 | Depths:1 | Killed from afar by an ice dragon

Levels and vault maps discovered:
D:1:      erik_arrival_gehennom, layout_basic, glass_columns_b
D:2:      layout_basic, minmay_misc_feat_rugged
D:3:      layout_loops_ring, grunt_ministairs_1
D:4:      layout_cave_pools, first_ration, nicolae_ossuary_entry_giza,
          uniq_blork_the_orc
D:5:      layout_loops_cross
D:6:      layout_basic, serial_shops, shop, uniq_duvessa
D:7:      layout_rooms, xom_butterflies, minmay_temple_entry_junction,
          basic_altar, gammafunk_ghost_grave, serial_shops, shop_statue,
          the_bakery, uniq_harold, uniq_menkaure
D:8:      layout_rooms, overflow_temple_1_default, serial_shops,
          nicolae_shop_overgrown_old_shop, minmay_crystal_room, uniq_maurice
D:9:      layout_loops_ring, serial_shops, shop_fountains, uniq_prince_ribbit1,
          uniq_erolcha, uniq_grum
D:10:     layout_basic, lemuel_flame_loot_1
D:11:     layout_gridville, dpeg_lair_monsters
D:12:     layout_roguey, hiddenorc2_lemuel, serial_shops, shop, minivault_28
D:13:     minmay_razor_zed, layout_basic, enter_bailey_3, hangedman_ru_absence
D:14:     layout_rooms, david_vaults_3, chequers_serial_rivers_micro_d
D:15:     hangedman_depths_entry_try_elsewhere_first, layout_gridville,
          chequers_big_river, special_room [special_room_orc],
          grunt_decor_mini_mirrors, uniq_roxanne, uniq_azrael
Temple:   regret_index_temple_chain_breaker
Lair:1:   layout_cave_pods, uniq_joseph
Lair:2:   layout_loops_ring, minmay_shoals_entry_hut,
          chequers_serial_rivers_micro_e, minmay_holes
Lair:3:   layout_regular_city, portal_ice_cave_entry_ice_beasts,
          kennysheep_abandoned_house
Lair:4:   layout_concentric_octagons, nicolae_spider_entry_non_spiders,
          st_stairs_4, lemuel_fruit_fields
Lair:5:   layout_misc_corridors
Lair:6:   evilmike_catoblepas_cave, layout_regular_city,
          nicolae_slime_entry_slimehenge, infiniplex_staircase_pool,
          lemuel_fruit_tree
Spider:1: layout_spider_delve, drop_trap
Spider:2: layout_spider_delve, drop_trap
Spider:3: layout_spider_delve, minmay_another_anthill, uniq_arachne
Spider:4: spider_rune_water, guppyfry_spider_mini_1, uniq_donald
Orc:1:    layout_diamond_mine, mines3_lemuel
Orc:2:    grunt_orc_community_town_hall, layout_caves,
          grunt_orc_community_big_house_2, grunt_orc_community_big_house_2,
          grunt_orc_community_house_3, grunt_orc_community_house_3,
          grunt_orc_community_house_1, grunt_orc_community_house_2,
          grunt_orc_community_house_1, grunt_orc_community_house_2,
          serial_shops, nicolae_shop_behind_doors, minmay_orc_temple_a,
          uniq_josephine
Depths:1: layout_gridlike, grunt_pan_entry_zigzag, abyss_entry_flame_altar,
          pf_hell_entry_tar_river, ice2_lemuel

Skill      XL: |  1  2  3  4  5  6  7  8  9 10 11 12 13 14 15 16 17 |
---------------+----------------------------------------------------+-----
Unarmed Combat | 3 4 5 7 8 10 11 13 14 15 16 17 18 19 | 19.0
Fighting       | 3 4 5 6 7 8 9 10 11 12 | 12.3
Shields        | 3 4 5 6 7 8 9 |  9.9
Invocations    | 3 5 6 8 9 10 11 | 11.5
Throwing       | 1 4 6 7 8 |  8.5
Earth Magic    | 3 5 7 8 |  8.1
Transmutations | 2 4 5 |  5.1
Dodging        | |  2.4

Action                   |  1- 3 |  4- 6 |  7- 9 | 10-12 | 13-15 | 16-18 || total
-------------------------+-------+-------+-------+-------+-------+-------++-------
Melee: Unarmed           |    69 |   201 |   255 |   668 |   982 |   709 ||  2884
       Kick              |       |       |       |    72 |   460 |   298 ||   830
 Fire: Hunting sling     |       |       |     3 |       |    62 |    63 ||   128
Throw: Boomerang         |       |       |       |    41 |    25 |   152 ||   218
       Large rock        |       |       |       |       |     7 |       ||     7
       Stone             |       |       |       |       |     2 |       ||     2
       Javelin           |       |       |       |       |       |     1 ||     1
Invok: Recite            |       |       |       |     5 |       |       ||     5
       Slouch            |       |       |       |     3 |     7 |     9 ||    19
       Step From Time    |       |       |       |       |     2 |     2 ||     4
       Bend Time         |       |       |       |       |       |     1 ||     1
 Abil: Evoke Flight      |       |       |       |       |     1 |     1 ||     2
Evoke: Wand              |       |       |     3 |     8 |     3 |     2 ||    16
       Lightning rod     |       |       |       |       |     3 |     6 ||     9
  Use: Scroll            |     2 |       |       |    14 |    19 |     5 ||    40
       Potion            |       |       |     1 |     4 |     1 |     8 ||    14
 Stab: Sleeping          |     1 |       |       |       |     2 |     1 ||     4
       Distracted        |       |       |       |     1 |       |       ||     1
  Eat: Chunk             |     9 |    21 |    27 |    48 |    81 |    35 ||   221
       Ration            |       |       |       |       |       |     2 ||     2
Armor: Robe              |    21 |    47 |    61 |    55 |       |       ||   184
       Troll leather arm |       |       |       |    80 |   130 |   220 ||   430
       Skin              |       |       |       |     3 |       |       ||     3
Dodge: Dodged            |    17 |    55 |    72 |   190 |   262 |   191 ||   787
Block: Shield            |    25 |    76 |   106 |   379 |   715 |   290 ||  1591
       Large shield      |       |       |       |       |       |   532 ||   532

Table legend:
 A = Non-vault XP
 B = Vault XP
 C = Vault XP percentage of total XP
 D = Non-vault monster count
 E = Vault monster count
 F = Vault count percentage of total count
                 A         B        C        D         E       F
            +---------+---------+-------+---------+---------+-------
      Total |  168555 |  101358 |  37.6 |     807 |     419 |  34.2
            +---------+---------+-------+---------+---------+-------
        D:1 |      31 |      19 |  38.0 |      18 |       5 |  21.7
        D:2 |      85 |       0 |   0.0 |      19 |       0 |   0.0
        D:3 |      29 |      95 |  76.6 |      11 |       2 |  15.4
        D:4 |     400 |      20 |   4.8 |      17 |       3 |  15.0
        D:5 |     749 |       0 |   0.0 |      16 |       0 |   0.0
        D:6 |    1382 |     230 |  14.3 |      23 |       2 |   8.0
        D:7 |    1420 |    1972 |  58.1 |      27 |       4 |  12.9
        D:8 |    2399 |     449 |  15.8 |      36 |       1 |   2.7
        D:9 |    1403 |    1991 |  58.7 |      16 |       7 |  30.4
       D:10 |    4397 |       0 |   0.0 |      40 |       0 |   0.0
       D:11 |    4875 |    2810 |  36.6 |      42 |       8 |  16.0
       D:12 |    7153 |    8056 |  53.0 |      37 |      44 |  54.3
       D:13 |    5970 |    5910 |  49.7 |      22 |      19 |  46.3
       D:14 |   10169 |    4852 |  32.3 |      31 |      18 |  36.7
       D:15 |   21097 |    7933 |  27.3 |      51 |      35 |  40.7
     Lair:1 |    4267 |     466 |   9.8 |      19 |       1 |   5.0
     Lair:2 |    5181 |     247 |   4.6 |      28 |       1 |   3.4
     Lair:3 |    5564 |    1153 |  17.2 |      21 |      16 |  43.2
     Lair:4 |    7543 |    1113 |  12.9 |      26 |      10 |  27.8
     Lair:5 |    2843 |       0 |   0.0 |      14 |       0 |   0.0
     Lair:6 |   14999 |   10893 |  42.1 |      42 |      28 |  40.0
   Spider:1 |   12272 |       0 |   0.0 |      39 |       0 |   0.0
   Spider:2 |   12088 |       0 |   0.0 |      42 |       0 |   0.0
   Spider:3 |   16936 |   11378 |  40.2 |      44 |      27 |  38.0
   Spider:4 |   12874 |   24590 |  65.6 |      34 |      45 |  57.0
      Orc:1 |    7323 |     550 |   7.0 |      45 |       1 |   2.2
      Orc:2 |    2989 |    9432 |  75.9 |      45 |      81 |  64.3
   Depths:1 |    2117 |    2957 |  58.3 |       2 |       8 |  80.0
    Ossuary |       0 |     260 | 100.0 |       0 |      27 | 100.0
     Bailey |       0 |    1185 | 100.0 |       0 |      16 | 100.0
      IceCv |       0 |    2797 | 100.0 |       0 |      10 | 100.0
            +---------+---------+-------+---------+---------+-------
